AoeStats
← HUESOS

Arabia

510350291Analyzed
4v4 RM · 1d ago on Sep 30, 2026· 45m 47s· 8 players
Game mode
Random Map
Map size
Large (8 player)
Population
200
Speed
Normal
Resources
Standard
Victory
Conquest
Starting age
Dark Age
Ending age
Imperial Age
RankedLock teamsTeams togetherTeam positionsShared explorationLock speedFull tech treeHidden civsTurbo modeCheats
Victory
Defeat
🇧🇪 Inca · Belgium
947
+16
🇧🇪 Chinese · Belgium
941
+16
🇨🇳 Burgundians · China
936
+16
🇰🇿 Varangians · Kazakhstan
900
+17
🇹🇷 Wu · Türkiye
1024
-20
🇬🇧 Vietnamese · United Kingdom
955
-17
🇩🇰 Vietnamese · Denmark
897
-15
🇹🇷 Mongols · Türkiye
864
-13
Oliver
10:30 Feudal Age
9:34 Double-Bit Axe
11:31 Bow Saw
12:22 Horse Collar
19:36 Castle Age
18:14 Forging
19:33 Scale Barding Armor
19:51 Cavalier
21:42 Two-Man Saw
20:55 Gold Mining
21:10 Husbandry
24:27 Gold Shaft Mining
24:58 Town Watch
25:36 Heavy Plow
27:14 Chain Barding Armor
30:12 Iron Casting
30:01 Stone Mining
33:09 Wheelbarrow
32:21 Loom
32:39 Town Patrol
35:31 Hand Cart
39:30 Imperial Age
38:00 Stone Shaft Mining
37:32 Treadmill Crane
39:35 Burgundian Vineyards
39:43 Town Patrol
39:33 Paladin
41:47 Blast Furnace
41:32 Crop Rotation
42:53 Ballistics
43:34 Chemistry
45:36 Plate Barding Armor
nasrek
0:51 Loom
9:48 Feudal Age
10:18 Double-Bit Axe
14:52 Wheelbarrow
20:27 Castle Age
19:28 Fletching
19:39 Padded Archer Armor
21:52 Hand Cart
21:20 Crossbowman
21:57 Bodkin Arrow
22:18 Leather Archer Armor
24:46 Thumb Ring
26:56 Bow Saw
26:38 Gold Mining
26:41 Stone Mining
26:29 Light Cavalry
27:19 Bloodlines
27:10 Husbandry
27:57 Husbandry
30:44 Ballistics
33:01 Scale Barding Armor
33:06 Forging
35:55 Imperial Age
35:33 Chain Barding Armor
35:48 Iron Casting
36:54 Scale Mail Armor
37:12 Bracer
37:42 Ring Archer Armor
36:56 Horse Collar
37:54 Gold Shaft Mining
38:19 Conscription
39:43 Chemistry
38:54 Masonry
38:39 Murder Holes
38:57 Masonry
39:25 Plate Barding Armor
39:51 Blast Furnace
39:45 Elite Chu Ko Nu
41:07 Chain Mail Armor
41:48 Block Printing
45:42 Architecture
HUESOS
7:41 Loom
10:46 Feudal Age
15:36 Castle Age
15:25 Scale Mail Armor
15:36 Gold Mining
16:21 Double-Bit Axe
19:06 Squires
20:24 Horse Collar
22:28 Bow Saw
23:11 Chain Mail Armor
23:09 Forging
23:14 Chain Mail Armor
25:20 Chain Mail Armor
25:35 Gambesons
31:31 Wheelbarrow
31:42 Iron Casting
32:49 Heavy Plow
33:13 Hand Cart
35:15 Caravan
39:55 Imperial Age
38:59 Town Watch
40:09 Gothikon
41:47 Plate Mail Armor
42:17 Blast Furnace
40:41 Elite Varangian Guard
44:01 Town Patrol
45:35 Two-Man Saw
45:06 Crop Rotation
vanherenthals.remy
11:42 Feudal Age
12:14 Loom
20:13 Castle Age
21:56 Horse Collar
22:02 Double-Bit Axe
26:06 Forging
25:57 Scale Mail Armor
28:21 Caravan
31:26 Iron Casting
31:07 Chain Mail Armor
35:03 Imperial Age
33:11 Wheelbarrow
32:56 Squires
32:44 Arson
35:47 Hand Cart
36:45 Blast Furnace
36:16 Plate Mail Armor
36:26 Conscription
36:28 Elite Kamayuk
38:34 Fabric Shields
blankityblanko
6:25 Loom
9:21 Feudal Age
9:58 Double-Bit Axe
14:26 Horse Collar
21:57 Castle Age
21:17 Fletching
21:29 Padded Archer Armor
21:29 Gold Mining
21:19 Man-at-Arms
23:49 Bow Saw
23:40 Heavy Plow
23:53 Crossbowman
29:18 Thumb Ring
30:35 Wheelbarrow
29:46 Town Watch
30:51 Stone Mining
31:46 Bodkin Arrow
33:34 Pikeman
34:15 Squires
35:13 Scale Mail Armor
35:25 Forging
36:18 Hand Cart
36:33 Ballistics
40:25 Imperial Age
39:50 Town Patrol
40:32 Arbalester
42:28 Leather Archer Armor
42:25 Bracer
42:45 Siege Engineers
42:52 Masonry
42:54 Fortified Wall
Den sølv søløve
9:52 Feudal Age
10:19 Double-Bit Axe
16:32 Horse Collar
19:20 Castle Age
19:22 Wheelbarrow
21:31 Bow Saw
23:43 Hand Cart
23:40 Heavy Plow
25:37 Husbandry
25:48 Bloodlines
28:15 Thumb Ring
29:47 Padded Archer Armor
29:38 Fletching
29:41 Heated Shot
30:05 Loom
32:50 Imperial Age
31:19 Ballistics
32:56 Bodkin Arrow
33:17 Leather Archer Armor
33:11 Chatras
33:22 Scale Barding Armor
33:51 Bracer
34:01 Forging
35:21 Paper Money
36:41 Elite Rattan Archer
38:36 Chain Barding Armor
38:47 Ring Archer Armor
38:27 Forging
39:10 Loom
38:48 Elite Skirmisher
39:00 Sappers
40:06 Hoardings
41:31 Chemistry
41:08 Plate Barding Armor
Namzer
10:11 Feudal Age
11:01 Double-Bit Axe
18:46 Castle Age
21:00 Squires
22:19 Loom
23:09 Wheelbarrow
22:22 Horse Collar
25:30 Bow Saw
26:29 Forging
28:47 Elite Skirmisher
29:20 Fletching
29:31 Padded Archer Armor
31:04 Gold Mining
33:44 Gold Shaft Mining
33:45 Ballistics
33:51 Red Cliffs Tactics
34:00 Red Cliffs Tactics
34:39 Hand Cart
34:43 Scale Mail Armor
35:01 Arson
37:30 Iron Casting
39:58 Imperial Age
36:52 Pikeman
39:42 Treadmill Crane
41:39 Two-Man Saw
40:04 Halberdier
41:16 Conscription
40:49 Elite Fire Archer
41:08 Imperial Skirmisher
42:59 Bodkin Arrow
44:05 Blast Furnace
43:20 Chain Mail Armor
43:21 Leather Archer Armor
44:44 Bracer
Toytatın Şimşeği
7:27 Loom
9:47 Feudal Age
12:06 Double-Bit Axe
13:57 Horse Collar
19:21 Castle Age
19:21 Fletching
19:31 Padded Archer Armor
20:07 Crossbowman
31:51 Bow Saw
36:02 Bodkin Arrow
Connection lost

Rejoining the realm…

Still unreachable

The connection could not be restored.

Session expired

The server has moved on; the page needs a fresh start.